 Dungeon Crawl Stone Soup version 0.29-a0-994-gc5c9f59d18 (webtiles) character file.

Game seed: 16041787033674843130

9548 gelatine the Thaumaturge (level 11, -17/81 HPs)
             Began as a Red Draconian Air Elementalist on Aug 4, 2022.
             Was a Follower of Vehumet.
             Demolished by a white ugly thing (24 damage)
             ... on level 11 of the Dungeon.
             The game lasted 00:48:43 (12406 turns).

gelatine the Thaumaturge (DrAE)                    Turns: 12406, Time: 00:48:45

Health: -17/81     AC: 13    Str:  8    XL:     11   Next: 24%
Magic:  1/24       EV: 16    Int: 20    God:    Vehumet [*.....]
Gold:   1739       SH:  5    Dex: 12    Spells: 14/29 levels left

rFire   + . .      SeeInvis .   A - +8 hammer of Terra Nullius {flame, rPois rN+}
rCold   . . .      Faith    .   n - +2 buckler
rNeg    + . .      Spirit   .   (body armour unavailable)
rPois   +          Reflect  .   (helmet restricted)
rElec   .          Harm     .   r - +1 cloak
rCorr   +          Rampage  .   m - +1 pair of gloves
Will    .....                   p - +1 pair of boots
Stlth   ++........              D - amulet of magic regeneration
HPRegen 0.23/turn               g - ring of resist corrosion
MPRegen 0.59/turn               l - +4 ring of evasion

@: unable to drink
A: breathe fire, AC +7, unfitting armour, fire resistance 1, cold-blooded,
stinger 1, poison resistance, weak 1, inability to drink while threatened 1
a: Breathe Fire, Renounce Religion


You were on level 11 of the Dungeon.
You worshipped Vehumet.
Vehumet was aware of your devotion.
You visited 2 branches of the dungeon, and saw 12 of its levels.

You collected 1829 gold pieces.
You spent 90 gold pieces at shops.

Inventory:

Hand Weapons
 w - the +2 long sword of Qoemouh {vorpal, Fly rN+ rCorr Str+2}
   (You found it on level 10 of the Dungeon)

   It inflicts extra damage upon your enemies.
   Str:       It affects your strength (+2).
   rN:        It protects you from negative energy.
   Fly:       It grants you flight.
   rCorr:     It protects you from acid and corrosion.
 z - a +4 quarterstaff of chaos
 A - the +8 hammer of Terra Nullius (weapon) {flame, rPois rN+}
   (You found it on level 7 of the Dungeon)

   It burns those it strikes, dealing additional fire damage.
   rPois:     It protects you from poison.
   rN:        It protects you from negative energy.
Missiles
 a - 4 curare-tipped darts
 e - a throwing net
Armour
 m - a +1 pair of gloves (worn)
 n - a +2 buckler (worn)
 p - a +1 pair of boots (worn)
 r - a +1 cloak (worn)
Magical Staves
 i - a staff of death
Jewellery
 g - a ring of resist corrosion (left hand)
 l - a +4 ring of evasion (right hand)
 D - an amulet of magic regeneration (around neck)
 F - a ring of poison resistance
 H - a ring of protection from fire
Wands
 j - a wand of polymorph (9)
 y - a wand of flame (12)
Scrolls
 b - a scroll of enchant weapon
 d - 2 scrolls of amnesia
 k - 2 scrolls of fog {unknown}
 x - 2 scrolls of torment {unknown}
 B - 2 scrolls of poison {unknown}
 G - a scroll of enchant armour
 I - a scroll of immolation {unknown}
Potions
 c - 4 potions of might
 f - 6 potions of lignification
 h - 2 potions of ambrosia
 o - 4 potions of attraction
 s - 3 potions of curing
 t - a potion of berserk rage
 v - 2 potions of brilliance


   Skills:
 + Level 2.8 Fighting
 + Level 1.5 Short Blades
 + Level 4.8 Maces & Flails
 + Level 4.2 Dodging
 + Level 3.3 Stealth
 + Level 9.9 Spellcasting
 + Level 7.6 Conjurations
 + Level 9.5 Air Magic
 * Level 1.5 Evocations


You had 14 spell levels left.
You knew the following spells:

 Your Spells              Type           Power      Damage    Failure   Level
a - Shock                 Conj/Air       100%       1d9       1%          1
b - Static Discharge      Conj/Air       44%        3-9/arc   1%          2
c - Swiftness             Air            48%        N/A       1%          3
d - Airstrike             Air            24%        2d(4-20)  1%          4
e - Lightning Bolt        Conj/Air       22%        1d37      8%          5

Your spell library contained the following spells:

 Spells                   Type           Power      Damage    Failure   Level
 Freeze                   Ice            36%        1d6       10%         1
 Frozen Ramparts          Ice            18%        1d9       28%         3
 Portal Projectile        Hex/Tloc       18%        N/A       28%         3
 Tukima's Dance           Hex            9%         N/A       28%         3
 Conjure Ball Lightning   Conj/Air       22%        3x3d6     41%         6
 Ice Form                 Ice/Tmut       9%         N/A       67%         4
 Summon Ice Beast         Ice/Summ       9%         N/A       67%         4
 Blade Hands              Tmut           4%         N/A       95%         5
 Borgnjor's Revivificati  Necr           4%         N/A       100%        8
 Discord                  Hex            4%         N/A       100%        8
 Disjunction              Tloc           4%         N/A       100%        8
 Maxwell's Capacitive Co  Air            24%        ∞         100%        8
 Necromutation            Tmut/Necr      4%         N/A       100%        8
 Chain Lightning          Conj/Air       22%        3d29      100%        9
 Death's Door             Necr           4%         N/A       100%        9
 Fire Storm               Conj/Fire      12%        8d3       100%        9
 Shatter                  Erth           4%         3d8*      100%        9


Dungeon Overview and Level Annotations

Branches:
Dungeon (11/15)            Temple (1/1) D:7            Lair (0/5) D:9
    Orc (0/2) D:9

Altars:
Ashenzari
Cheibriados
Dithmenos
Elyvilon
Fedhas
Gozag
Hepliaklqana
Kikubaaqudgha
Makhleb
Nemelex Xobeh
Okawaru
Qazlal
Ru
Sif Muna
Trog
Uskayaw
Vehumet
Wu Jian
Xom
Yredelemnul
Zin
The Shining One

Shops:
D:1 [   D:2 (   D:3 :   D:8 (


Innate Abilities, Weirdness & Mutations

You can breathe blasts of fire.
Your fiery red scales are hard. (AC +7)
You cannot fit into any form of body armour.
Your flesh is heat resistant. (rF+)
You are cold-blooded and may be slowed by cold attacks.
Your tail ends in a venomous barb.
Your system is resistant to poisons. (rPois)
You are weak. (Str -2)
You occasionally lose the ability to drink potions when taking damage.


Message History

The white ugly thing is lightly wounded.
You block the orc's attack. The white ugly thing misses you.
Unknown command.
Casting: Lightning Bolt (dangerous; 8% risk of failure)
Confirm with . or Enter, or press ? or * to list all spells.
The white ugly thing is struck by an arc of lightning!
The white ugly thing is moderately wounded.
You are struck by an arc of lightning.
* * * LOW HITPOINT WARNING * * *
The white ugly thing is struck by an arc of lightning.
The white ugly thing is moderately wounded.
The orc is struck by an arc of lightning.
The orc is heavily wounded.
You are struck by an arc of lightning.
* * * LOW HITPOINT WARNING * * *
The white ugly thing is struck by an arc of lightning!
The white ugly thing is heavily wounded.
The lightning grounds out.
The orc is struck by an arc of lightning!
You kill the orc!
Vehumet accepts your kill.
You are struck by an arc of lightning.
* * * LOW HITPOINT WARNING * * *
The white ugly thing is struck by an arc of lightning!
The white ugly thing is severely wounded.
The lightning grounds out.
The white ugly thing misses you.
Casting: Static Discharge (safe; 1% risk of failure)
Confirm with . or Enter, or press ? or * to list all spells.
The white ugly thing is struck by an arc of lightning!
The white ugly thing is almost dead.
You are struck by an arc of lightning.
* * * LOW HITPOINT WARNING * * *
The lightning grounds out.
You block the white ugly thing's attack.
Unknown command.
You feel better. The white ugly thing tail-slaps you!
* * * LOW HITPOINT WARNING * * *
The white ugly thing freezes you!!
You feel threatened and lose the ability to drink potions!
You die...

....# .# #..
....##...#...#...# #..
....##...#...#...# #..
....##>..#...#...# #..
....##...#...#...# #..
....##...#...#...# . #..
.........#)..#...####~~.
#..
.).......#...#.......~#
~. #..
....).......W.ou@.....+
...###†.
##......##...##).####~#
~.......
#......##...##..#
~.......
#......##...##..#
....###.
#......##...##..# ... #.
#......##...##..# .. #.
#......##...##..# . #.
#....$.##...##... #...
.....##


You could see a white ugly thing, a wraith and an orc priest.

Vanquished Creatures
  A two-headed ogre (D:7)
  A cyclops (D:11)
  Maggie (D:9)
  An unseen horror (D:10)
  A kobold demonologist (D:10)
  A komodo dragon (D:10)
  3 meliai (D:10)
  2 trolls
  Prince Ribbit (D:8)
  A shadow (D:10)
  3 wraiths
  7 yaks
  3 wyverns
  4 acid dragons
  A water moccasin (D:4)
  6 black bears
  3 orc warriors
  2 ice beasts
  5 centaurs
  A phantom (D:5)
  2 kobold brigands
  2 necrophages (D:6)
  3 bullfrogs
  A scorpion (D:7)
  11 wights
  5 killer bees (D:11)
  4 howler monkeys
  6 jellies
  5 hounds
  Crazy Yiuf (D:7)
  2 iguanas (D:4)
  5 orc wizards
  4 gnolls (D:4)
  9 adders
  A white imp (D:5)
  A worm (D:2)
  4 dart slugs
  26 orcs
  4 ball pythons
  9 endoplasms
  4 giant cockroaches
  10 goblins
  6 hobgoblins
  9 jackals
  17 kobolds
  3 quokkas
  7 bats
  4 frilled lizards
  3 rats
216 creatures vanquished.

Notes
Turn   | Place    | Note
-------+----------+-------------------------------------------
     0 | D:1      | gelatine the Draconian Air Elementalist began the quest for
                  | the Orb.
     0 | D:1      | Reached XP level 1. HP: 14/14 MP: 3/3
   297 | D:1      | Reached XP level 2. HP: 20/22 MP: 0/5
   749 | D:1      | Reached XP level 3. HP: 27/27 MP: 0/6
   972 | D:1      | Found Metocoik's Armour Boutique.
  1522 | D:2      | Found a faded altar of an unknown god.
  1645 | D:2      | Found Cusuban's Weapon Shoppe.
  2144 | D:2      | Learned a level 2 spell: Static Discharge
  2376 | D:3      | Reached XP level 4. HP: 34/34 MP: 0/7
  2759 | D:3      | Reached skill level 1 in Short Blades
  2853 | D:3      | Reached skill level 1 in Fighting
  2885 | D:3      | Found Ongarr's Vocational Training.
  3277 | D:4      | Reached XP level 5. HP: 37/40 MP: 0/8
  3371 | D:3      | Gained mutation: You have a somewhat thin skeletal
                  | structure. (Dex +2, Stealth+) [potion of mutation]
  3371 | D:3      | Gained mutation: You do not regenerate when monsters are
                  | visible. [potion of mutation]
  3627 | D:4      | Lost mutation: You have a somewhat thin skeletal structure.
                  | (Dex +2, Stealth+) [potion of mutation]
  3627 | D:4      | Lost mutation: You do not regenerate when monsters are
                  | visible. [potion of mutation]
  3627 | D:4      | Gained mutation: Your body sometimes deteriorates upon
                  | taking damage. [potion of mutation]
  3627 | D:4      | Gained mutation: Your magical capacity is low. (-10% MP)
                  | [potion of mutation]
  3627 | D:4      | Gained mutation: Your tail ends in a venomous barb. [potion
                  | of mutation]
  3627 | D:4      | Gained mutation: You have large cloven feet. [potion of
                  | mutation]
  3926 | D:4      | Noticed a centaur
  3941 | D:4      | Killed a centaur
  3942 | D:4      | Reached XP level 6. HP: 3/47 MP: 1/10
  4408 | D:4      | Noticed a water moccasin
  4425 | D:4      | Killed a water moccasin
  4688 | D:1      | Bought a +0 pair of boots for 45 gold pieces
  4688 | D:1      | Bought a +0 cloak for 45 gold pieces
  5109 | D:5      | Entered Level 5 of the Dungeon
  5126 | D:5      | Found a bloodstained altar of Trog.
  5171 | D:5      | Your scales start taking on a fiery red colour.
  5171 | D:5      | Reached XP level 7. HP: 33/52 MP: 3/11
  5171 | D:5      | Gained mutation: Your flesh is heat resistant. (rF+) [Red
                  | Draconian growth]
  5615 | D:5      | Found a snail-covered altar of Cheibriados.
  5779 | D:5      | Reached skill level 5 in Air Magic
  5848 | D:5      | Learned a level 3 spell: Swiftness
  5853 | D:5      | Learned a level 4 spell: Airstrike
  6312 | D:6      | Reached XP level 8. HP: 58/59 MP: 4/13
  6495 | D:6      | Reached skill level 1 in Maces & Flails
  6495 | D:6      | Reached skill level 5 in Spellcasting
  6673 | D:6      | Reached skill level 5 in Conjurations
  7516 | D:7      | Found a runed translucent door.
  7517 | D:7      | Noticed Crazy Yiuf
  7554 | D:7      | Found a staircase to the Ecumenical Temple.
  7564 | D:7      | Noticed a two-headed ogre
  7623 | D:7      | Killed a two-headed ogre
  7624 | D:7      | Reached XP level 9. HP: 20/67 MP: 1/16
  8033 | D:7      | Lost mutation: Your magical capacity is low. (-10% MP)
                  | [potion of mutation]
  8033 | D:7      | Lost mutation: You have large cloven feet. [potion of
                  | mutation]
  8033 | D:7      | Gained mutation: You occasionally shout uncontrollably at
                  | your foes. [potion of mutation]
  8281 | D:7      | Killed Crazy Yiuf
  8287 | D:7      | Identified the +8 hammer of Terra Nullius {flame, rPois
                  | rN+}
  8517 | Temple   | Entered the Ecumenical Temple
  8569 | Temple   | Became a worshipper of Vehumet
  8622 | D:8      | Found Moecvotrem's Antique Weapon Boutique.
  8699 | D:8      | Noticed Prince Ribbit
  8718 | D:8      | Killed Prince Ribbit
  8754 | D:8      | Found a blossoming altar of Fedhas.
  9338 | D:8      | Learned a level 5 spell: Lightning Bolt
  9459 | D:8      | Reached XP level 10. HP: 59/73 MP: 6/21
  9468 | D:8      | Identified a scroll of acquirement
  9468 | D:8      | Acquired 1161 gold pieces
  9624 | D:8      | Lost mutation: Your body sometimes deteriorates upon taking
                  | damage. [potion of mutation]
  9624 | D:8      | Lost mutation: You occasionally shout uncontrollably at
                  | your foes. [potion of mutation]
  9624 | D:8      | Gained mutation: Your system is resistant to poisons.
                  | (rPois) [potion of mutation]
  9624 | D:8      | Gained mutation: You are weak. (Str -2) [potion of
                  | mutation]
  9624 | D:8      | Gained mutation: You occasionally lose the ability to drink
                  | potions when taking damage. [potion of mutation]
 10044 | D:9      | Noticed Maggie
 10053 | D:9      | Killed Maggie
 10129 | D:9      | Found a staircase to the Lair.
 10146 | D:9      | Found a staircase to the Orcish Mines.
 10190 | D:9      | Reached * piety under Vehumet
 10190 | D:9      | Offered knowledge of Freeze by Vehumet.
 10345 | D:9      | Identified the +3 chain mail of Light {Will++}
 10814 | D:10     | Entered Level 10 of the Dungeon
 11077 | D:10     | Noticed a sixfirhy
 11088 | D:10     | HP: 3/75 [sixfirhy[a kobold demonologist] (10)]
 11442 | D:10     | Identified the +2 long sword of Qoemouh {vorpal, Fly rN+
                  | rCorr Str+2}
 11555 | D:10     | Reached XP level 11. HP: 73/81 MP: 9/24
 12359 | D:11     | Noticed a boulder beetle
 12360 | D:11     | Reached skill level 1 in Evocations
 12374 | D:11     | Noticed a two-headed ogre
 12377 | D:11     | HP: 3/81 [/static electricity (5)]
 12381 | D:11     | Noticed a white ugly thing
 12405 | D:11     | HP: 4/81 [/static electricity (5)]
 12406 | D:11     | Demolished by a white ugly thing

Illustrated notes

Levels and vault maps discovered:
D:1:      lemuel_arrival_river_ford, layout_loops_ring, serial_shops, shop,
          st_stairs_13
D:2:      layout_basic, serial_shops, nicolae_shop_trees,
          chequers_ecumenical_altar_simple_redux
D:3:      wad_crossroads, layout_rooms, minmay_misc_feat_pillars,
          chequers_serial_rivers_micro_c, nicolae_shop_vocational
D:4:      layout_basic, minmay_quantized
D:5:      layout_basic, bloody_trog, mainiacjoe_overflow_24_doors,
          chequers_serial_rivers_micro_e
D:6:      minmay_recursive_quarters, layout_basic
D:7:      layout_rooms, minmay_temple_entry_drinking_statues,
          chequers_serial_rivers_small_3, uniq_crazy_yiuf_cottage
D:8:      layout_basic, fedhas_bush_and_centaur_altar, serial_shops,
          nicolae_stop_n_shop_2, st_stairs_7, uniq_prince_ribbit1
D:9:      layout_rooms, lair_entry_dummy, orc_0_dummy, uniq_maggie
D:10:     layout_long_grid
D:11:     minmay_the_grid_triangle_9x9_rhombus_full_mashed
          [minmay_the_grid_triangle_9x9_corrupted_corridor,
          minmay_the_grid_triangle_9x9_wacky_v,
          minmay_the_grid_triangle_9x9_semitri,
          minmay_the_grid_triangle_9x9_alien,
          minmay_the_grid_triangle_9x9_fully_insulated_deathbox,
          minmay_the_grid_triangle_9x9_negative_grid,
          minmay_the_grid_triangle_9x9_swiss_cheese,
          minmay_the_grid_triangle_9x9_prize_center], layout_long_grid,
          serial_shops, kennysheep_mini_moat, nicolae_shop_waterfront
Temple:   hellmonk_temple_of_storms

Skill      XL: |  1  2  3  4  5  6  7  8  9 10 11 |
---------------+----------------------------------+-----
Dodging        | 2 3 4 |  4.2
Stealth        | 2 3 |  3.3
Conjurations   | 2 3 4 6 7 |  7.6
Short Blades   | 1 |  1.5
Fighting       | 1 2 |  2.8
Spellcasting   | 3 4 6 7 9 |  9.9
Air Magic      | 4 5 6 7 9 |  9.5
Maces & Flails | 2 3 4 |  4.8
Evocations     | 1 |  1.5

Action                   |  1- 3 |  4- 6 |  7- 9 | 10-12 || total
-------------------------+-------+-------+-------+-------++-------
Melee: Dagger            |    48 |    34 |       |       ||    82
       Tailslap          |    10 |     7 |     6 |     3 ||    26
       Kick              |       |     7 |       |       ||     7
       Whip              |       |     9 |    37 |       ||    46
       Punch             |       |       |     2 |       ||     2
       Mace              |       |       |    16 |    44 ||    60
 Cast: Shock             |    97 |    97 |   145 |    66 ||   405
       Static Discharge  |       |    14 |    23 |    23 ||    60
       Airstrike         |       |       |    14 |    31 ||    45
       Lightning Bolt    |       |       |     3 |    18 ||    21
 Abil: Breathe Fire      |       |       |     3 |       ||     3
  Use: Potion            |     1 |     7 |     2 |     6 ||    16
       Scroll            |       |     4 |     6 |    13 ||    23
Armor: Skin              |    19 |    26 |    25 |    38 ||   108
Dodge: Dodged            |    43 |    63 |    78 |    72 ||   256
Block: Buckler           |       |       |       |     6 ||     6

Table legend: (Time is in decaauts)
 A = Elapsed time spent in this place.
 B = Non-inter-level travel time spent in this place.
 C = Inter-level travel time spent in this place.
 D = Time resting spent in this place.
 E = Time spent auto-exploring this place.
 F = Levels seen in this place.
 G = Mean time per level.
                   A        B        C        D        E       F      G
               +--------+--------+--------+--------+--------+-----+--------+
         Total |  12432 |  11776 |    656 |    765 |   9174 |  12 | 1036.0 |
       Dungeon |  12355 |  11773 |    582 |    765 |   9174 |  11 | 1123.2 |
        Temple |     76 |      2 |     74 |      0 |      0 |   1 |   76.0 |
               +--------+--------+--------+--------+--------+-----+--------+

Top non-repeatable levels by time:
     D:6: 1486 daAuts
     D:4: 1485 daAuts
    D:10: 1397 daAuts
     D:1: 1393 daAuts
     D:8: 1382 daAuts
     D:3: 1197 daAuts
     D:7: 1143 daAuts
     D:2: 1039 daAuts
     D:9: 817 daAuts
     D:5: 810 daAuts
    D:11: 201 daAuts
  Temple: 76 daAuts
